 Dungeon Crawl Stone Soup version 0.18-a0-111-g6199648 (webtiles) character file.

705 Duffy the Poker (level 7, 55/55 HPs)
             Began as a Centaur Gladiator on Nov 15, 2015.
             Was an Initiate of the Shining One.
             Quit the game on level 4 of the Dungeon.
             The game lasted 00:10:39 (5577 turns).

Duffy the Poker (Centaur Gladiator)                 Turns: 5577, Time: 00:10:39

Health: 55/55      AC:  7    Str: 24    XL:     7   Next: 39%
Magic:  16/16      EV:  9    Int:  8    God:    the Shining One [......]
Gold:   150        SH:  0    Dex: 10    Spells: 0 memorised, 6 levels left

rFire  . . .     SeeInvis .     a - +0 trident
rCold  . . .     Rnd*Rage +     j - +0 ring mail
rNeg   + + .     SustAt   .     (no shield)
rPois  .         Gourm    .     c - +0 helmet
rElec  .         Spirit   .     (no cloak)
rCorr  .         Warding  +     q - +0 pair of gloves
rMut   .         Stasis   .     (no barding)
MR     .....                    i - amulet of warding
Stlth  ..........               y - ring of Johutaac {*Contam rN+ MP+9 Str+6}
                                s - ring of loudness (curse)

@: contaminated, glowing, very quick, not resistant to hostile enchantments,
extremely unstealthy
A: hooves 3, berserk 1, deformed body, speed 2, spit poison 1, tough skin 3, no
device heal 1
a: Spit Poison, Renounce Religion


You were on level 4 of the Dungeon.
You worshipped the Shining One.
The Shining One was noncommittal.
You were not hungry.

You visited 1 branch of the dungeon, and saw 4 of its levels.

You collected 150 gold pieces.


Innate Abilities, Weirdness & Mutations

You have hooves in place of feet.
Armour fits poorly on your strangely shaped body.
You cover ground very quickly.
You have extremely tough skin (AC +3).
You tend to lose your temper in combat.
You can spit weak poison.
Potions and wands are less effective at restoring your health.


   Skills:
 - Level 2.2 Fighting
 + Level 7.7 Polearms
 - Level 2.2 Throwing
 - Level 2.5 Dodging


You had 6 spell levels left.
You didn't know any spells.

Inventory:

Hand Weapons
 a - a +0 trident (weapon)
Missiles
 d - 3 throwing nets (quivered)
Armour
 b - a +0 leather armour
 c - a +0 helmet (worn)
 j - a +0 ring mail (worn)
 q - a +0 pair of gloves (worn)
Jewellery
 i - an amulet of warding (around neck)
 s - a cursed ring of loudness (left hand)
 y - the ring of Johutaac (right hand) {*Contam rN+ MP+9 Str+6}

   [ring of positive energy]

   It affects your strength (+6).
   It protects you from negative energy.
   It affects your magic capacity (+9).
   It causes magical contamination when unequipped.
 z - an uncursed ring of sustain attributes
Scrolls
 f - a scroll of remove curse {unknown}
 g - a scroll of magic mapping {unknown}
 k - a scroll of enchant armour {unknown}
 n - 2 scrolls of identify {unknown}
 o - 2 scrolls of teleportation {unknown}
 r - a scroll of fog {unknown}
 u - 2 scrolls of enchant weapon {unknown}
 v - 2 scrolls of amnesia {unknown}
 w - a scroll of fear {unknown}
Potions
 h - a potion of curing {unknown}
 p - a potion of poison {unknown}
 t - a potion of flight {unknown}
Comestibles
 e - 5 bread rations
 l - 4 fruits
 m - a meat ration

Dungeon Overview and Level Annotations

Branches:
Dungeon (4/15)
 Temple: D:4-7

Altars:
Nemelex Xobeh
The Shining One

Annotations:
D:2 Sigmund
D:3 Pikel


Message History

Mutagenic energies flood into your body!
You are contaminated with residual magic.
z - a ring of sustain attributes (right hand) Put on which piece of jewellery? (? for menu, Esc to quit)
Really put on
y - the ring of Johutaac {*Contam rN+ MP+9 Str+6}?
You remove your ring of sustain attributes.
y - the ring of Johutaac (right hand) {*Contam rN+ MP+9 Str+6} You start resting.
Some of the chunks of flesh in your inventory have rotted away.
Your body shudders with the violent release of wild energies!
There is a nasty taste in your mouth for a moment.
You start resting.
You feel less contaminated with magical energies.
You start resting.
Magic restored.
Put on which piece of jewellery? (? for menu, Esc to quit)
Really remove
y - the ring of Johutaac {*Contam rN+ MP+9 Str+6}?
You remove the ring of Johutaac {*Contam rN+ MP+9 Str+6}.
Mutagenic energies flood into your body!
You are contaminated with residual magic.
z - a ring of sustain attributes (right hand) Put on which piece of jewellery? (? for menu, Esc to quit)
Really put on
y - the ring of Johutaac {*Contam rN+ MP+9 Str+6}?
You remove your ring of sustain attributes.
y - the ring of Johutaac (right hand) {*Contam rN+ MP+9 Str+6} You start resting.
Your body shudders with the violent release of wild energies!
You feel a little pissed off.
You start resting.
Your body shudders with the violent release of wild energies!
Your system partially rejects artificial healing.
You start resting.
All of the chunks of flesh in your inventory have rotted away.
Magic restored.
Are you sure you want to abandon this character and quit the game? (Confirm with "yes".)

#..........#...........
##..#.........#....#....
#....#......###....###..
.....##....## #....# ###
......#...## ##....#
.........#####.....#
...........#.......###
.>...................###
.......@...............#
........................
........................
#.......................
##......................
##.....................
#.....................
##...............#.(.#
...............####


There were no monsters in sight!

Action                   |  1- 3 |  4- 6 |  7- 9 || total
-------------------------+-------+-------+-------++-------
Melee: Trident           |   131 |   336 |    50 ||   517
Throw: Throwing net      |     3 |       |       ||     3
  Eat: Chunk             |     2 |     7 |     4 ||    13

Notes
Turn   | Place    | Note
--------------------------------------------------------------
     0 | D:1      | Duffy the Centaur Gladiator began the quest for the Orb.
     0 | D:1      | Reached XP level 1. HP: 17/17 MP: 1/1
   254 | D:1      | Reached XP level 2. HP: 24/24 MP: 2/2
   312 | D:1      | Reached skill level 3 in Polearms
   891 | D:2      | Reached XP level 3. HP: 29/29 MP: 3/3
  1626 | D:3      | Noticed Sigmund
  1915 | D:3      | Reached skill level 4 in Polearms
  1920 | D:3      | Reached XP level 4. HP: 23/36 MP: 4/4
  3069 | D:4      | Found a sparkling altar of Nemelex Xobeh.
  3116 | D:4      | Noticed an ogre
  3131 | D:4      | Noticed Pikel
  3140 | D:4      | Killed an ogre
  3140 | D:4      | Reached skill level 5 in Polearms
  3140 | D:4      | Reached XP level 5. HP: 41/41 MP: 5/5
  3171 | D:4      | Noticed a slave
  3187 | D:4      | Killed a slave
  3190 | D:4      | Noticed a slave
  3191 | D:4      | Noticed a slave
  3192 | D:4      | Noticed a slave
  3334 | D:3      | Killed a slave
  3550 | D:3      | Killed a slave
  3695 | D:4      | Killed a slave
  3974 | D:4      | Noticed an ogre
  4062 | D:4      | Killed an ogre
  4062 | D:4      | Reached skill level 6 in Polearms
  4062 | D:4      | Reached XP level 6. HP: 23/48 MP: 6/6
  4347 | D:4      | Noticed nublet's ghost (amateur KoAr)
  4374 | D:4      | Killed nublet's ghost
  4448 | D:4      | Noticed Natasha
  4458 | D:4      | Killed Natasha
  4458 | D:4      | Reached skill level 7 in Polearms
  4477 | D:4      | Noticed Edmund
  4526 | D:4      | Killed Edmund
  4526 | D:4      | Reached XP level 7. HP: 36/55 MP: 7/7
  4932 | D:3      | Found a glowing golden altar of the Shining One.
  5179 | D:3      | Became a worshipper of the Shining One
  5443 | D:4      | Got a scorched granite ring
  5449 | D:4      | Identified the ring of Johutaac {*Contam rN+ MP+9 Str+6} (You found it on level 4 of the Dungeon)
  5478 | D:4      | Gained mutation: You can spit weak poison. [mutagenic glow]
  5517 | D:4      | Gained mutation: You tend to lose your temper in combat. [mutagenic glow]
  5558 | D:4      | Gained mutation: Potions and wands are less effective at restoring your health. [mutagenic glow]
  5577 | D:4      | Quit the game

Vault maps used:
D:1:      ldierk_water_garden, corner_web_ring, nrook_uturn, lemuel_old_faithful
D:3:      nicolae_overflow_hidden_temple, first_bread, uniq_sigmund
D:4:      nemelex_xobeh_ov_fountains_minmay, uniq_edmund, uniq_natasha,
          uniq_pikel

Vanquished Creatures
  Edmund
  The ghost of nublet the Charlatan, an amateur KoAr
  4 slaves
  2 ogres
  2 hounds
  An orc wizard Natasha
  2 worker ants
  4 adders
  3 gnolls
  3 oozes
  A worm
  14 orcs
  3 bats
  2 giant cockroaches
  10 goblins
  6 hobgoblins
  9 jackals
  7 kobolds
  4 quokkas
  2 ball pythons
  7 giant newts
  8 rats
  4 toadstools
101 creatures vanquished.
